 Dungeon Crawl Stone Soup version 0.25-b1-46-gb8a1ec05df (webtiles) character file.

Game seed: 9032569013842086230

60 Chiseanne the Covered (level 3, 0/27 HPs)
             Began as a Demonspawn Wanderer on June 11, 2020.
             Succumbed to an adder's poison
             ... on level 1 of the Dungeon.
             The game lasted 00:02:17 (1162 turns).

Chiseanne the Covered (Demonspawn Wanderer)         Turns: 1162, Time: 00:02:18

Health: 0/27       AC:  9    Str: 12    XL:     3   Next: 80%
Magic:  3/3        EV:  9    Int: 15    God:
Gold:   75         SH:  0    Dex: 11    Spells: 2/2 levels left

rFire    . . .     SeeInvis .   a - +0 mace
rCold    . . .     Gourm    .   (no shield)
rNeg     . . .     Faith    .   c - +2 scale mail
rPois    .         Spirit   .   (no helmet)
rElec    .         Reflect  .   (no cloak)
rCorr    .         Harm     .   (no gloves)
MR       .....                  (no boots)
Stlth    ..........             (no amulet)
HPRegen  0.09/turn              (no ring)
MPRegen  0.08/turn              (no ring)

@: lethally poisoned (0 -> -3)
A: talons 1, rot immunity
a: no special abilities


You were on level 1 of the Dungeon.
You were not hungry.

You visited 1 branch of the dungeon, and saw 2 of its levels.

You collected 75 gold pieces.

Inventory:

Hand Weapons
 a - a +0 mace (weapon)
 i - a cursed -1 whip
Missiles
 g - 34 sling bullets
 k - 17 arrows
Armour
 c - a +2 scale mail (worn)
Scrolls
 f - a scroll of remove curse {unknown}
 h - a scroll of blinking {unknown}
Potions
 b - a potion of lignification
 e - 2 potions of might {unknown}
Comestibles
 d - 3 rations
 j - 2 chunks of flesh


   Skills:
 * Level 1.9 Fighting
 - Level 1.7 Maces & Flails
 * Level 5.8 Armour
 * Level 1.6 Dodging
 - Level 1.0 Stealth
   Level 1.0 Shields


You had 2 spell levels left.
You didn't know any spells.
Your spell library was empty.

Dungeon Overview and Level Annotations

Branches:
Dungeon (2/15)

Altars:


Innate Abilities, Weirdness & Mutations

You have sharp toenails.
You are immune to rotting.


Message History

The adder bites you.
* * * LOW HITPOINT WARNING * * *
You miss the adder.
The adder is almost dead.
The adder bites you but does no damage. x2
There is a stone staircase leading up here.
The adder completely misses you. The adder bites you.
* * * LOW HITPOINT WARNING * * *
You are lethally poisoned!
The adder poisons you!
You climb upwards.
* * * LOW HITPOINT WARNING * * *
You feel sick.
There is a stone staircase leading down here.
You closely miss the adder.
The adder is almost dead.
The adder completely misses you.
You miss the adder.
The adder is almost dead.
You die...

#.. ..# #.# #.# #.# #.#
#.# #.# #### ##.# #.# ..#
#..# #.#######.########
#..#####(#...............
#.....))@................
#.######.S.#............#
#..........+.............
#..........#............#
#...)......#............#
#..........#............#
#..........#########...##
#.#........# #...#
#.#.......# #...#


You could see an adder.

Vanquished Creatures
  3 gnolls
  A dart slug (D:1)
  3 leopard geckos
  5 bats (D:1)
  A giant cockroach (D:1)
  3 hobgoblins (D:1)
  2 jackals (D:1)
  A frilled lizard (D:1)
  2 goblins (D:1)
  2 kobolds (D:1)
  6 rats (D:1)
29 creatures vanquished.

Notes
Turn   | Place    | Note
-------+----------+-------------------------------------------
     0 | D:1      | Chiseanne the Demonspawn Wanderer began the quest for the
                  | Orb.
     0 | D:1      | Chiseanne set off with the following items: a +0 mace, a
                  | potion of lignification, a +2 scale mail, a ration
     0 | D:1      | Reached XP level 1. HP: 13/13 MP: 1/1
   218 | D:1      | Gained mutation: You have sharp toenails. [demonic
                  | ancestry]
   218 | D:1      | Reached XP level 2. HP: 20/20 MP: 2/2
   220 | D:1      | Reached skill level 1 in Fighting
   405 | D:1      | Reached skill level 1 in Dodging
   730 | D:2      | Gained mutation: You are immune to rotting. [demonic
                  | ancestry]
   730 | D:2      | Reached XP level 3. HP: 26/26 MP: 3/3
  1160 | D:1      | HP: 1/27 [poisoned by an adder]
  1162 | D:1      | Succumbed to an adder's poison

Illustrated notes

Levels and vault maps discovered:
D:1:      dpeg_arrival_ratfight, layout_basic
D:2:      wander_river, layout_rooms

Skill      XL: |  1  2 |
---------------+-------+-----
Fighting       | 1 |  1.9
Dodging        | 1 |  1.6
Maces & Flails | |  1.7
Armour         | |  5.8
Stealth        | |  1.0
Shields        | |  1.0

Action                   || total
-------------------------++-------
Melee: Mace              ||    92
       Kick              ||    10
  Eat: Chunk             ||     1
Armor: Scale mail        ||    78
Dodge: Dodged            ||    78
